[Event "Team 45 45 League T50"]
[Site "Internet Chess Club"]
[Date "2011.08.29"]
[Round "3"]
[White "Fogbound"]
[Black "lookatall65sqas"]
[Result "0-1"]
[WhiteElo "1325"]
[BlackElo "1587"]
[Opening "Queen's pawn game, Chigorin variation"]
[ECO "D02"]
[Time "14:00:36"]
[TimeControl "2700+45"]

1. d4 d5 2. Nf3 Nc6 3. Bf4 Bg4 4. c3 e6 5. Ne5 Nxe5 6. Bxe5 f6 7. Bg3 c5 8. h3
Bh5 9. Bh2 Qb6 10. Qa4+ Kd8 11. Qb3 Qxb3 12. axb3 cxd4 13. e3 dxe3 14. fxe3 Bc5
15. Bg1 Ne7 16. g4 Bg6 17. Bg2 Nc6 18. Nd2 Ke7 19. b4 Bb6 20. Nb3 Ne5 21. Nd4
Nd3+ 22. Kd2 Nxb2 23. Rf1 Nc4+ 24. Kc1 Rac8 25. Bxd5 exd5 26. Nf5+ Bxf5 27. Rxf5
Bxe3+ 28. Bxe3 Nxe3 29. Rf3 Rxc3+ 30. Kd2 d4 31. Re1 Kf7 32. Rexe3 Rxe3 33. Rf4
Rxh3 34. Rxd4 Ke6 35. Re4+ Kd7 36. Rd4+ Kc7 37. Rc4+ Kb6 38. Rd4 Rc8 39. Rd3
Rxd3+ 40. Kxd3 Rd8+ 41. Ke4 Kb5 42. Kf5 Kxb4 43. Ke6 a5 44. Ke7 Rd1 45. Kf7 a4
46. Kxg7 a3 47. Kxf6 a2 48. Kg7 a1=Q+ {White resigns} 0-1

[Event "Team 45 45 League T50"]
[Site "Internet Chess Club"]
[Date "2011.08.26"]
[Round "3"]
[White "Berke"]
[Black "drsigmund1"]
[Result "0-1"]
[WhiteElo "1593"]
[BlackElo "1464"]
[Opening "Four knights: Italian variation"]
[ECO "C47"]
[Time "14:00:09"]
[TimeControl "2700+45"]

1. e4 e5 2. Nf3 Nc6 3. Nc3 Nf6 4. Bc4 Bb4 5. Bd5 d6 6. d4 exd4 7. Nxd4 Nxd5 8.
exd5 Ne5 9. O-O O-O 10. Ne4 h6 11. c3 Ba5 12. Be3 c6 13. dxc6 bxc6 14. Nxc6 Nxc6
15. Qxd6 Qe8 16. Ng3 Be6 17. Bc5 Rd8 18. Qf4 Ne7 19. Bxa7 Rd7 20. Bd4 Ng6 21.
Qd2 Qa8 22. Rad1 Rfd8 23. Qe3 Bc4 24. Rfe1 Re7 25. Qc1 Rde8 26. Rxe7 Rxe7 27.
Nf5 Re6 28. Nxg7 Re2 29. Qxh6 Qe4 30. Nf5 Re1+ 31. Rxe1 Qxe1# {White checkmated}
0-1

[Event "Team 45 45 League T50"]
[Site "Internet Chess Club"]
[Date "2011.08.29"]
[Round "3"]
[White "Cicero"]
[Black "Barie"]
[Result "1/2-1/2"]
[WhiteElo "1365"]
[BlackElo "1425"]
[Opening "French: Labourdonnais variation"]
[ECO "C00"]
[Time "19:30:13"]
[TimeControl "2700+45"]

1. e4 e6 2. f4 d5 3. e5 c5 4. Nf3 Ne7 5. c3 Nbc6 6. d4 Nf5 7. g3 cxd4 8. cxd4
Bb4+ 9. Nc3 Qb6 10. a3 Be7 11. b4 Ncxd4 12. Bg2 Bd7 13. Nxd4 Nxd4 14. Be3 Nc2+
15. Qxc2 Qxe3+ 16. Ne2 Rc8 17. Qd2 Qxd2+ 18. Kxd2 O-O 19. Rac1 f6 20. Rxc8 Rxc8
21. Nd4 b6 22. Bf1 fxe5 23. fxe5 Bg5+ 24. Kd3 Be8 25. Bh3 Bg6+ 26. Ke2 Bh5+ 27.
Kd3 Bg6+ 28. Ke2 Bf7 29. Kd3 Rf8 30. Bxe6 Bxe6 31. Nxe6 Rf3+ 32. Kc2 Be7 33. Kb2
a5 34. Nd4 Re3 35. Nc6 Re2+ 36. Kb3 Re3+ 37. Kb2 Re2+ 38. Kb3 Re3+ {Game drawn
by mutual agreement} 1/2-1/2

[Event "Team 45 45 League T50"]
[Site "Internet Chess Club"]
[Date "2011.08.25"]
[Round "3"]
[White "Elalfer"]
[Black "jjaillet2007"]
[Result "1-0"]
[WhiteElo "1365"]
[BlackElo "1318"]
[Opening "QGD: Semi-Tarrasch defense"]
[ECO "D40"]
[Time "21:00:12"]
[TimeControl "2700+45"]

1. d4 d5 2. c4 e6 3. Nc3 Nf6 4. Nf3 c5 5. e3 Nc6 6. cxd5 exd5 7. dxc5 Bxc5 8.
Bb5 Bg4 9. h3 Bh5 10. g4 Bg6 11. g5 Ne4 12. Qxd5 Qxd5 13. Nxd5 O-O 14. Bxc6 bxc6
15. Nf4 Bb4+ 16. Bd2 Bxd2+ 17. Nxd2 Nxd2 18. Nxg6 fxg6 19. Kxd2 Rxf2+ 20. Kc3
Rf3 21. Rae1 Kh8 22. Re2 Re8 23. Kd4 Ref8 24. h4 Rf2 25. Rhe1 Rf1 26. Rxf1 Rxf1
27. Kc5 Rh1 28. Kxc6 Rxh4 29. e4 Rg4 30. e5 Rxg5 31. e6 Rf5 32. e7 Rf6+ 33. Kd7
Rf7 34. Kd8 Kg8 35. e8=Q+ Rf8 36. Re7 Rxe8+ 37. Kxe8 h5 38. Rxa7 h4 39. Ra3 Kh7
40. b4 g5 41. Rh3 Kh6 42. b5 Kh5 43. b6 g4 44. Rxh4+ Kxh4 45. b7 g3 46. b8=Q g2
47. Qh2+ Kg4 48. Qxg2+ Kf4 49. Qxg7 Ke4 50. a4 Kd5 51. Qb7+ Kc5 52. a5 Kd4 53.
a6 Kd3 54. a7 Ke3 55. a8=Q Kf4 56. Qb5 Ke3 57. Qaa4 Kd2 58. Qbb3 Kc1 59. Qaa3+
Kd2 60. Qaa2+ Ke1 61. Qbb1# {Black checkmated} 1-0

[Event "Team 45 45 League T50"]
[Site "Internet Chess Club"]
[Date "2011.08.29"]
[Round "3"]
[White "mattphelps"]
[Black "medsurg"]
[Result "1/2-1/2"]
[WhiteElo "1307"]
[BlackElo "1365"]
[Opening "QGD semi-Slav: accelerated Meran (Alekhine variation)"]
[ECO "D15"]
[Time "20:32:34"]
[TimeControl "2700+45"]

1. d4 d5 2. c4 c6 3. Nf3 Nf6 4. Nc3 a6 5. e3 e6 6. Qc2 Bd6 7. Be2 Nbd7 8. O-O
O-O 9. Bd3 h6 10. e4 dxe4 11. Nxe4 Nxe4 12. Bxe4 Nf6 13. Bd3 b5 {Game drawn by
mutual agreement} 1/2-1/2

[Event "Team 45 45 League T50"]
[Site "Internet Chess Club"]
[Date "2011.08.25"]
[Round "3"]
[White "Aquaman"]
[Black "sockmonkey"]
[Result "1-0"]
[WhiteElo "1265"]
[BlackElo "1225"]
[Opening "Réti: King's Indian attack (Barcza system)"]
[ECO "A07"]
[Time "15:00:39"]
[TimeControl "2700+45"]

1. Nf3 d5 2. g3 e6 3. Bg2 f5 4. d3 Bd6 5. e3 c6 6. O-O Nf6 7. Re1 O-O 8. c4 Qe7
9. b3 Nbd7 10. Bb2 b6 11. a4 a5 12. Ba3 Bxa3 13. Nxa3 Bb7 14. cxd5 exd5 15. Nc2
c5 16. Nh4 Ng4 17. h3 Nge5 18. d4 Ng6 19. Nxg6 hxg6 20. dxc5 Qxc5 21. Nd4 Rfe8
22. Rc1 Qd6 23. Nb5 Qf8 24. Nc7 Rac8 25. Bxd5+ Bxd5 26. Qxd5+ Qf7 27. Qxf7+ Kxf7
28. Nxe8 Rxe8 29. Rc7 Re7 30. Rd1 Nf6 31. Rxe7+ Kxe7 32. f3 Ke6 33. Rc1 Kd6 34.
Kf2 Nd5 35. Rc4 Nc7 36. Ke2 b5 37. axb5 Nxb5 38. Kd3 Kd5 39. Rc8 g5 40. e4+
fxe4+ 41. fxe4+ Ke5 42. Rc5+ {Black resigns} 1-0

[Event "Team 45 45 League T50"]
[Site "Internet Chess Club"]
[Date "2011.08.31"]
[Round "3"]
[White "nlobo"]
[Black "theartist"]
[Result "0-1"]
[WhiteElo "973"]
[BlackElo "1213"]
[Opening "French: Rubinstein variation"]
[ECO "C10"]
[Time "12:01:43"]
[TimeControl "2700+45"]

1. e4 e6 2. Nc3 d5 3. d4 dxe4 4. Nxe4 Bd7 5. Bg5 Be7 6. Qg4 Bxg5 7. Nxg5 Nf6 8.
Qf3 Bc6 9. Qa3 Qd6 10. Nxf7 Kxf7 11. Qxd6 cxd6 12. O-O-O Nbd7 13. Nh3 h6 14. Bd3
Bxg2 15. Nf4 Bxh1 16. Rxh1 Rhg8 17. Bg6+ Ke7 18. Re1 e5 19. Bf5 Kd8 20. Be6 Re8
21. Bf7 Re7 22. Ne6+ Kc8 23. dxe5 Nxe5 24. Rd1 Nxf7 25. Nxg7 Re2 26. Nf5 Kd7 27.
Nd4 Rxf2 28. h4 Rg8 29. b4 Rg4 30. c3 Rxh4 31. a4 Ra2 32. Kb1 Rhh2 33. Re1 Rhb2+
34. Kc1 Ra1+ 35. Kxb2 Rxe1 36. c4 Re4 37. Kc3 h5 38. Nb5 a6 39. Na7 h4 40. b5 a5
41. b6 Ne5 42. Nb5 Rxc4+ 43. Kb3 h3 44. Na3 h2 45. Nxc4 Nxc4 46. Kxc4 h1=Q 47.
Kb5 Qh5+ 48. Kc4 Qc5+ 49. Kb3 Qxb6+ 50. Ka2 d5 51. Ka3 d4 {White resigns} 0-1

[Event "Team 45 45 League T50"]
[Site "Internet Chess Club"]
[Date "2011.08.27"]
[Round "3"]
[White "Docvan"]
[Black "tc622"]
[Result "1-0"]
[WhiteElo "1104"]
[BlackElo "1151"]
[Opening "Sicilian: Najdorf"]
[ECO "B90"]
[Time "14:00:33"]
[TimeControl "2700+45"]

1. e4 c5 2. Nf3 d6 3. d4 cxd4 4. Nxd4 Nf6 5. Nc3 a6 6. Bd3 e6 7. Qe2 Nbd7 8. O-O
Be7 9. f4 O-O 10. f5 e5 11. Nf3 b5 12. a3 Bb7 13. Bg5 d5 14. Bxf6 Nxf6 15. Rad1
Qb6+ 16. Kh1 dxe4 17. Nxe4 Rac8 18. Nxe5 Qc7 19. Nxf6+ Bxf6 20. Ng4 Bxb2 21.
Nh6+ Kh8 22. f6 Bxf6 23. Nf5 Rfe8 24. Qg4 g6 25. Ng3 Rcd8 26. Rxf6 Qc3 27. Rxf7
Re1+ 28. Nf1 Rde8 29. Qg3 Rxd1 30. Rxh7+ Kxh7 31. Qxg6+ Kh8 32. Qh7# {Black
checkmated} 1-0

[Event "Team 45 45 League T50"]
[Site "Internet Chess Club"]
[Date "2011.08.25"]
[Round "3"]
[White "Just-Jim"]
[Black "wildcat2023"]
[Result "1-0"]
[WhiteElo "1321"]
[BlackElo "1300"]
[Opening "Scotch game"]
[ECO "C45"]
[Time "17:47:58"]
[TimeControl "2700+45"]

1. e4 e5 2. Nf3 Nc6 3. d4 exd4 4. Nxd4 Nxd4 5. Qxd4 Nf6 6. Bg5 Be7 7. Bd3 Ng4 8.
Bxe7 Qxe7 9. Qxg7 Rf8 10. Qxg4 d5 11. Qe2 d4 12. a3 Qg5 13. Nd2 Qxg2 14. O-O-O
Bg4 15. f3 Qxe2 16. Bxe2 Bh3 17. Nb3 Rd8 18. Nxd4 Rd6 19. f4 c5 20. Nb5 Rb6 21.
Nc7+ Ke7 22. Nd5+ Ke6 23. Nxb6 axb6 24. Rhg1 f5 25. Rd3 fxe4 26. Rxh3 Rxf4 27.
Bc4+ Kd6 28. Re3 Ke5 29. Bd3 Kd4 30. Rxe4+ Rxe4 31. Bxe4 Kxe4 32. Rg7 h5 33. Rh7
c4 34. Rxh5 Kd4 35. Rg5 c3 36. b3 Ke3 37. h4 Kf4 38. Rb5 Kg4 39. h5 Kf4 40. h6
Ke4 41. Rxb6 Kd5 42. h7 Kc5 43. Rxb7 Kc6 44. Rg7 Kd5 45. h8=Q Kd4 46. Qh5 Ke4
47. Rg4+ Ke3 48. Qh3+ Ke2 49. Rg2+ Ke1 50. Qh1# {Black checkmated} 1-0

[Event "Team 45 45 League T50"]
[Site "Internet Chess Club"]
[Date "2011.08.27"]
[Round "3"]
[White "iceface"]
[Black "guyd52"]
[Result "1/2-1/2"]
[WhiteElo "1373"]
[BlackElo "1249"]
[Opening "Pirc: Austrian attack, 6.Bd3"]
[ECO "B07"]
[Time "18:00:10"]
[TimeControl "2700+45"]

1. e4 d6 2. d4 g6 3. Nc3 Bg7 4. f4 Nf6 5. Nf3 O-O 6. Bd3 Nbd7 7. e5 Ng4 8. h3
Nh6 9. Be3 b6 10. Be4 Rb8 11. Qd2 c5 12. dxc5 Nxc5 13. Bd5 Be6 14. exd6 Qxd6 15.
Bb3 Qxd2+ 16. Bxd2 Bxb3 17. axb3 Nf5 18. O-O Nd4 19. Nxd4 Bxd4+ 20. Kh1 Rfd8 21.
Rxa7 e6 22. Rfa1 Rb7 23. Rxb7 Nxb7 24. b4 Nd6 25. Be1 Nc4 26. b3 Ne3 27. Ra2 Rc8
28. Ne2 {Game drawn by mutual agreement} 1/2-1/2

[Event "Team 45 45 League T50"]
[Site "Internet Chess Club"]
[Date "2011.08.27"]
[Round "3"]
[White "wekabird"]
[Black "Nosaj"]
[Result "1-0"]
[WhiteElo "1162"]
[BlackElo "1358"]
[Opening "English opening"]
[ECO "A21"]
[Time "20:00:08"]
[TimeControl "2700+45"]

1. c4 e5 2. Nc3 c5 3. e4 Nf6 4. Nf3 Nc6 5. d3 g6 6. g3 Bg7 7. h3 d6 8. Bg2 O-O
9. O-O Nd4 10. Nxd4 cxd4 11. Ne2 Ne8 12. Rb1 f5 13. exf5 Bxf5 14. Kh2 Qe7 15.
Re1 e4 16. Nf4 Rd8 17. Qe2 Nf6 18. Nd5 Qe6 19. Nxf6+ Qxf6 20. Bxe4 Rde8 21. Qf3
Kh8 22. Bd2 Qe6 23. Bxb7 Qd7 24. Rxe8 Qxe8 25. Bc6 Qc8 26. Be4 Bxh3 27. Qe2 Bg4
28. f3 Be6 29. b4 a5 30. bxa5 Qc5 31. Bb4 Qh5+ 32. Kg1 Be5 33. Qh2 Qg5 34. Qg2
Bxg3 35. Be1 Qe3+ 36. Bf2 Bxf2+ 37. Qxf2 Qg5+ 38. Kf1 Bh3+ 39. Ke2 Qxa5 40.
Qxd4+ Qe5 41. Qxe5+ dxe5 42. a4 Bc8 43. a5 g5 44. Rh1 Rf7 45. Rh6 Bf5 46. Bxf5
Rxf5 47. a6 Rf7 48. Re6 Ra7 49. Ke3 Rxa6 50. Rxa6 h5 51. Re6 h4 52. Rxe5 h3 53.
Re6 Kh7 54. Kf2 h2 55. Kg2 {Black resigns} 1-0

[Event "Team 45 45 League T50"]
[Site "Internet Chess Club"]
[Date "2011.08.27"]
[Round "3"]
[White "dc9999"]
[Black "WilmaP"]
[Result "1/2-1/2"]
[WhiteElo "1178"]
[BlackElo "1153"]
[Opening "French: advance, Paulsen attack"]
[ECO "C02"]
[Time "13:01:39"]
[TimeControl "2700+45"]

1. e4 e6 2. d4 d5 3. e5 c5 4. c3 Nc6 5. Nf3 Qb6 6. a3 Nge7 7. Be2 Ng6 8. b4 c4
9. O-O Be7 10. Ng5 h6 11. Nh3 f6 12. Nf4 Nxf4 13. Bxf4 Bd7 14. Bh5+ Kd8 15. exf6
Bxf6 16. Qf3 g5 17. Bc7+ Qxc7 18. Qxf6+ Kc8 19. Qxh8+ Nd8 20. Be8 b6 21. Bxd7+
Qxd7 22. Qxh6 Nf7 23. Qf8+ Nd8 24. f4 g4 25. f5 exf5 26. Qxf5 Ne6 27. Qxg4 Kb7
28. Qf5 Rf8 29. Qg4 Rxf1+ 30. Kxf1 Qf7+ 31. Qf3 Ng5 32. Qxf7+ Nxf7 33. a4 a5 34.
Na3 Ng5 35. h4 Ne4 36. Rc1 Ng3+ 37. Kg1 Ne2+ 38. Kh2 Nxc1 39. h5 Ne2 40. h6 Nf4
41. bxa5 Ng6 42. axb6 Kxb6 43. Kg3 Ka5 44. Kg4 Kxa4 45. Nxc4 dxc4 46. Kg5 Nh8
47. Kf6 Kb3 48. Kg7 Kxc3 49. Kxh8 Kxd4 50. Kg7 c3 51. h7 c2 52. h8=Q c1=Q 53.
Kg6+ Ke4 54. Qh4+ Qf4 55. Qxf4+ Kxf4 56. Kh5 Kg3 57. Kh6 Kxg2 {Game drawn
because neither player has mating material} 1/2-1/2

[Event "Team 45 45 League T50"]
[Site "Internet Chess Club"]
[Date "2011.08.26"]
[Round "3"]
[White "MateIn42"]
[Black "kid6988"]
[Result "0-1"]
[WhiteElo "1408"]
[BlackElo "1523"]
[Opening "Scotch game"]
[ECO "C45"]
[Time "23:08:40"]
[TimeControl "2700+45"]

1. e4 e5 2. Nf3 Nc6 3. d4 exd4 4. Nxd4 Bc5 5. c3 Nf6 6. Nxc6 dxc6 7. Qxd8+ Kxd8
8. Bc4 Nxe4 9. f3 Nd6 10. Bf4 Nxc4 11. b3 Nd6 12. b4 Bb6 13. Nd2 Ke7 14. c4 c5
15. Rc1 Be6 16. Kd1 a5 17. b5 a4 18. Re1 h6 19. Be5 Rhg8 20. h3 Rad8 21. Ke2 Ba5
22. Red1 Bxd2 23. Rxd2 Nxc4 24. Rxd8 Kxd8 25. Rd1+ Kc8 26. Bc3 f6 27. g4 Nd6 28.
Rb1 Bxa2 29. Rb2 Bb3 {White resigns} 0-1

[Event "Team 45 45 League T50"]
[Site "Internet Chess Club"]
[Date "2011.08.27"]
[Round "3"]
[White "kingsleywang"]
[Black "houseofcook"]
[Result "0-1"]
[WhiteElo "1289"]
[BlackElo "1443"]
[Opening "French: advance, Milner-Barry gambit"]
[ECO "C02"]
[Time "13:05:00"]
[TimeControl "2700+45"]

1. e4 e6 2. d4 d5 3. e5 c5 4. c3 Qb6 5. Nf3 Nc6 6. Bd3 cxd4 7. cxd4 Bd7 8. O-O
Nxd4 9. Nxd4 Qxd4 10. Nc3 a6 11. Qe2 Ne7 12. Rd1 Nc6 13. Bxa6 Qxe5 14. Qxe5 Nxe5
15. Bxb7 Ra7 16. Re1 Bd6 17. f4 Nd3 18. Re3 Nxc1 19. Bxd5 Bc5 20. Bc4 O-O 21.
Kf2 Rc8 22. Bf1 Nb3 23. Rd1 Bxe3+ 24. Kxe3 Nc5 25. a3 Ba4 26. Rd6 h6 27. b4 Nb7
28. Rb6 Rxc3+ 29. Kd4 Rc7 30. Ba6 Rd7+ 31. Kc4 Nd6+ 32. Kc3 Rac7+ 33. Kb2 Nc4+
34. Bxc4 Rxc4 35. Rb8+ Kh7 36. Kb1 Rc2 37. Rd8 Rxd8 38. b5 Rd1# {White
checkmated} 0-1

[Event "Team 45 45 League T50"]
[Site "Internet Chess Club"]
[Date "2011.08.30"]
[Round "3"]
[White "dabodhi"]
[Black "Deadly-Spike"]
[Result "1-0"]
[WhiteElo "1209"]
[BlackElo "1296"]
[Opening "King's Indian: East Indian defense"]
[ECO "A48"]
[Time "21:02:14"]
[TimeControl "2700+45"]

1. d4 Nf6 2. Nf3 g6 3. Nc3 Bg7 4. Bf4 d6 5. e4 O-O 6. Qd2 Nbd7 7. Bd3 h5 8. e5
dxe5 9. dxe5 Nh7 10. e6 Nb6 11. exf7+ Kxf7 12. Ne5+ Kg8 13. Nxg6 Re8 14. Bh6 Qd6
15. O-O-O Bxc3 16. Qxc3 Nf6 17. Ne5 Nbd5 18. Bc4 Be6 19. Qg3+ Bg4 20. h3 Kh7 21.
hxg4 Rg8 22. Bd3+ Kh8 23. Nf7# {Black checkmated} 1-0

[Event "Team 45 45 League T50"]
[Site "Internet Chess Club"]
[Date "2011.08.26"]
[Round "3"]
[White "XGG123"]
[Black "bhandelman"]
[Result "1-0"]
[WhiteElo "1133"]
[BlackElo "1106"]
[Opening "Four knights: Spanish, classical defense"]
[ECO "C48"]
[Time "23:00:28"]
[TimeControl "2700+45"]

1. e4 e5 2. Nf3 Nc6 3. Bb5 Nf6 4. Nc3 Bc5 5. O-O O-O 6. d3 d6 7. Bg5 Be6 8. Nh4
Bg4 9. Qd2 a6 10. Bxc6 bxc6 11. h3 Be6 12. Ne2 d5 13. Ng3 Bd4 14. Nh5 Bxb2 15.
Rad1 d4 16. Bxf6 gxf6 17. Qe2 Kh8 18. Qf3 Ba3 19. Nxf6 Kg7 20. Nh5+ Kh8 21. Nf5
Rg8 22. Rb1 Qg5 23. g3 Rg6 24. Rb3 Bxb3 25. cxb3 Rb8 26. h4 Qg4 27. Qxg4 Rxg4
28. Nh6 Rg6 29. Nxf7+ Kg8 30. Nxe5 Re6 31. Nd7 Rd8 32. Ndf6+ Kf7 33. Nxh7 Rh6
34. Ng5+ Kg6 35. Ne6 Rd7 36. Nhf4+ Kf7 37. Ng5+ Kg8 38. e5 Re7 39. Re1 Bd6 40.
Re4 Bxe5 41. g4 Rf6 42. Nh5 Rff7 43. Nxf7 Kxf7 44. g5 Kg6 45. Nf4+ Kf7 46. h5
Bxf4 47. Rxf4+ Kg7 48. h6+ Kg6 49. Re4 Rd7 50. f4 c5 51. Kg2 Kf5 52. Kf3 a5 53.
Re5+ Kg6 54. Kg4 Rd6 55. f5+ Kf7 56. Re6 {Black resigns} 1-0

[Event "Team 45 45 League T50"]
[Site "Internet Chess Club"]
[Date "2011.08.27"]
[Round "3"]
[White "Superman"]
[Black "rayonline53"]
[Result "1/2-1/2"]
[WhiteElo "1754"]
[BlackElo "1548"]
[Opening "Nimzo-Indian: classical, 4...c5"]
[ECO "E38"]
[Time "18:03:07"]
[TimeControl "2700+45"]

1. d4 Nf6 2. c4 e6 3. Nc3 Bb4 4. Qc2 c5 5. e3 O-O 6. Nf3 d5 7. cxd5 exd5 8. dxc5
Bxc5 9. Be2 a6 10. h3 Nc6 11. a3 h6 12. O-O Ba7 13. Rd1 Be6 14. b4 Rc8 15. Bb2
Qe7 16. Qd3 Rfd8 17. Na4 Ne4 18. Rac1 b5 19. Nc3 Nxc3 20. Rxc3 d4 21. exd4 Bxd4
22. Nxd4 Nxd4 23. Bf1 Rxc3 24. Qxc3 Nf5 25. Rxd8+ Qxd8 26. g4 Qg5 27. Qe5 Nh4
28. Qxg5 Nf3+ 29. Kg2 Nxg5 30. Bd3 Bd5+ 31. Kg3 Ne4+ 32. Bxe4 Bxe4 {Game drawn
by mutual agreement} 1/2-1/2

[Event "Team 45 45 League T50"]
[Site "Internet Chess Club"]
[Date "2011.08.27"]
[Round "3"]
[White "Giacometti"]
[Black "DaveF"]
[Result "0-1"]
[WhiteElo "1641"]
[BlackElo "1482"]
[Opening "Bird's opening"]
[ECO "A03"]
[Time "10:00:28"]
[TimeControl "2700+45"]

1. f4 d5 2. Nf3 Bg4 3. e3 Nd7 4. Be2 Ngf6 5. O-O Bxf3 6. Bxf3 e5 7. d4 exf4 8.
exf4 Be7 9. c4 c6 10. c5 O-O 11. Nc3 b6 12. b4 a5 13. cxb6 Bxb4 14. Na4 Nxb6 15.
Nxb6 Qxb6 16. Rb1 Qc7 17. Qa4 Rfe8 18. a3 Bd6 19. g3 Ne4 20. Bxe4 Rxe4 21. Bd2
c5 22. Rfe1 Rxd4 23. Re8+ Bf8 24. Qxd4 cxd4 25. Rxa8 Qc2 26. Rbb8 Qd1+ 27. Kg2
Qxd2+ 28. Kh3 g6 29. Rxf8+ Kg7 30. Rfd8 Qe2 31. Rxd5 Qe6+ {White resigns} 0-1

[Event "Team 45 45 League T50"]
[Site "Internet Chess Club"]
[Date "2011.08.28"]
[Round "3"]
[White "mrneale"]
[Black "Kristian1974"]
[Result "1-0"]
[WhiteElo "1470"]
[BlackElo "1600"]
[Opening "Polish (Sokolsky) opening"]
[ECO "A00"]
[Time "14:00:19"]
[TimeControl "2700+45"]

1. b4 e5 2. Bb2 Bxb4 3. Bxe5 Nf6 4. c4 O-O 5. e3 Re8 6. Bb2 d5 7. cxd5 Nxd5 8.
Nf3 Bg4 9. Be2 Bd6 10. O-O Nd7 11. d4 N7f6 12. Nbd2 Ne4 13. Nxe4 Rxe4 14. Qb3
Bxh2+ 15. Kxh2 Bxf3 16. Bxf3 Rh4+ 17. Kg1 c6 18. Qxb7 Rb8 19. Qxc6 Nxe3 20. fxe3
Rxb2 21. Qd5 Qb8 22. Qa8 Qxa8 23. Bxa8 Rh5 24. d5 Rd2 25. e4 Rg5 26. Rf2 Rd4 27.
Rc1 f6 28. d6 Rxd6 29. Bd5+ Kf8 30. Rc7 Ra6 31. Rb2 Rb6 32. Rxb6 axb6 33. Rc6
Rg3 34. Rxb6 Ke7 35. Rb3 Rg5 36. a4 Re5 37. Rb4 Kd6 38. Rb6+ Kc5 39. Re6 Kb4 40.
Rxe5 fxe5 41. Bc6 Kc5 42. Bd5 Kb4 43. Bc6 Kc5 44. Bb5 h5 45. g4 hxg4 46. Kg2 Kd4
47. a5 Kxe4 48. a6 Kf4 49. a7 {Black resigns} 1-0

[Event "Team 45 45 League T50"]
[Site "Internet Chess Club"]
[Date "2011.08.26"]
[Round "3"]
[White "doublepar"]
[Black "lechuguita"]
[Result "0-1"]
[WhiteElo "1452"]
[BlackElo "1402"]
[Opening "Ruy Lopez: closed, Chigorin, 12...c5d4"]
[ECO "C99"]
[Time "14:00:19"]
[TimeControl "2700+45"]

1. e4 e5 2. Nf3 Nc6 3. Bb5 a6 4. Ba4 Nf6 5. O-O Be7 6. Re1 b5 7. Bb3 d6 8. c3
O-O 9. h3 Na5 10. Bc2 c5 11. d4 Qc7 12. Nbd2 cxd4 13. cxd4 Bb7 14. Nf1 Rac8 15.
Bd3 Nd7 16. Ne3 Nf6 17. Nf5 Nc6 18. Bd2 exd4 19. N3xd4 Nxd4 20. Nxd4 d5 21. e5
Ne4 22. Bf4 Bc5 23. Nf5 Bxf2+ 24. Kh1 Bxe1 25. Qg4 Nf2+ {White resigns} 0-1

[Event "Team 45 45 League T50"]
[Site "Internet Chess Club"]
[Date "2011.08.28"]
[Round "3"]
[White "rahulr"]
[Black "justice02"]
[Result "1/2-1/2"]
[WhiteElo "1608"]
[BlackElo "1788"]
[Opening "QGD semi-Slav: accelerated Meran (Alekhine variation)"]
[ECO "D15"]
[Time "09:00:05"]
[TimeControl "2700+45"]

1. d4 d5 2. c4 c6 3. Nc3 Nf6 4. Nf3 a6 5. e3 e6 6. Bd3 dxc4 7. Bxc4 b5 8. Bd3 b4
9. Ne4 Nbd7 10. O-O Bb7 11. Bd2 a5 12. Rc1 Rc8 13. Qe2 Be7 14. Nxf6+ Bxf6 15.
Rc2 O-O 16. Rfc1 Qb6 17. Ne5 Bxe5 18. dxe5 Nxe5 19. Bxh7+ Kxh7 20. Qh5+ Kg8 21.
Qxe5 Rfd8 22. e4 Rd7 23. Be3 Qd8 24. g3 Rd1+ 25. Kg2 Rxc1 26. Rxc1 Qf6 27. Qxf6
gxf6 28. Bb6 Ra8 29. Rc5 a4 30. Rc4 b3 31. axb3 axb3 32. Rb4 c5 33. Bxc5 Bc6 34.
f3 Ra5 35. Bd4 f5 36. e5 Rb5 37. Rxb5 Bxb5 38. f4 Kg7 39. Kh3 Kg6 40. Kg2 Kh5
41. h4 Kg4 42. Kf2 Bc6 43. Ke2 Kxg3 44. Bf2+ Kxf4 45. Kd3 Be4+ 46. Kc3 Bd5 47.
Be1 Kg4 48. Kd3 f4 49. Ke2 Kf5 50. Bc3 f3+ 51. Ke3 Kg6 52. Be1 f6 53. exf6 Kxf6
54. Bf2 Kf5 55. Be1 Kg4 56. Bf2 e5 57. Be1 Kh3 58. Bf2 Kg2 59. Be1 {Game drawn
by mutual agreement} 1/2-1/2

[Event "Team 45 45 League T50"]
[Site "Internet Chess Club"]
[Date "2011.08.27"]
[Round "3"]
[White "elessar"]
[Black "Zugzwanged"]
[Result "0-1"]
[WhiteElo "1612"]
[BlackElo "1628"]
[Opening "Petrov's defense"]
[ECO "C42"]
[Time "09:30:39"]
[TimeControl "2700+45"]

1. e4 e5 2. Nf3 Nf6 3. d3 Nc6 4. g3 Bc5 5. Bg2 O-O 6. Be3 Bb6 7. O-O d6 8. Bxb6
axb6 9. Nbd2 h6 10. h3 Be6 11. a3 Qd7 12. Kh2 Nh7 13. Ng1 f5 14. exf5 Rxf5 15.
Be4 Rf6 16. c3 d5 17. Bg2 Raf8 18. Qe2 Qd6 19. Rad1 Qc5 20. f4 exf4 21. Rxf4
Rxf4 22. Qxe6+ R4f7 23. Bxd5 Kh8 24. Ne4 Qe3 25. Rd2 Ng5 26. Nxg5 Qxd2+ 27. Kh1
Qxg5 28. Qe1 Rf1 {White resigns} 0-1

[Event "Team 45 45 League T50"]
[Site "Internet Chess Club"]
[Date "2011.08.26"]
[Round "3"]
[White "MasterOfTheKeys"]
[Black "KyleMayhugh"]
[Result "0-1"]
[WhiteElo "1629"]
[BlackElo "1433"]
[Opening "Ruy Lopez: Marshall counter-attack"]
[ECO "C89"]
[Time "12:01:50"]
[TimeControl "2700+45"]

1. e4 e5 2. Nf3 Nc6 3. Bb5 a6 4. Ba4 Nf6 5. O-O Be7 6. Re1 O-O 7. c3 b5 8. Bb3
d5 9. exd5 Nxd5 10. Nxe5 Nxe5 11. Rxe5 Bb7 12. d4 Bd6 13. Bxd5 Bxd5 14. Rxd5
Bxh2+ 15. Kxh2 Qxd5 16. Be3 Rae8 17. Nd2 Re6 18. Qf3 Qd6+ 19. Kg1 Rfe8 20. Nf1
Rf6 21. Qd1 Re4 22. Ng3 Rxe3 23. fxe3 Qxg3 24. Qe2 Rh6 25. Rf1 Qh2+ 26. Kf2 Rg6
27. Ke1 Rxg2 28. Qf3 f6 29. Qd5+ Kf8 30. Qd8+ Kf7 31. Qd5+ Kg6 32. Qf5+ Kh6 33.
Qf4+ Qxf4 34. Rxf4 Rxb2 35. Rf2 Rxf2 36. Kxf2 Kg5 37. Kg3 Kf5 38. Kf3 h5 39. e4+
Ke6 40. Kg3 g6 41. a3 c6 42. Kh3 f5 43. exf5+ gxf5 44. Kg3 Kd5 {White resigns}
0-1

[Event "Team 45 45 League T50"]
[Site "Internet Chess Club"]
[Date "2011.08.27"]
[Round "3"]
[White "Gilguli"]
[Black "Virtuose"]
[Result "1-0"]
[WhiteElo "1402"]
[BlackElo "1228"]
[Opening "QGA, 4.Nc3"]
[ECO "D24"]
[Time "08:52:15"]
[TimeControl "2700+45"]

1. d4 d5 2. Nf3 Nf6 3. c4 dxc4 4. Nc3 e6 5. Bg5 Be7 6. e3 O-O 7. Bxc4 Nc6 8. O-O
b6 9. Rc1 Bb7 10. a3 Na5 11. Bd3 c5 12. Qc2 cxd4 13. Bxf6 Bxf6 14. Ne4 g6 15.
Nxf6+ Qxf6 16. Nxd4 Qg5 17. Be4 Rac8 18. Qd3 Bxe4 19. Qxe4 Rc4 20. Rxc4 Nxc4 21.
Nxe6 {Black resigns} 1-0

[Event "Team 45 45 League T50"]
[Site "Internet Chess Club"]
[Date "2011.08.27"]
[Round "3"]
[White "otib2006"]
[Black "The-Capitalist"]
[Result "0-1"]
[WhiteElo "1305"]
[BlackElo "1321"]
[Opening "Caro-Kann: Hillbilly attack"]
[ECO "B10"]
[Time "06:00:55"]
[TimeControl "2700+45"]

1. e4 c6 2. Bc4 d5 3. exd5 cxd5 4. Be2 d4 5. d3 e5 6. Nf3 Nf6 7. Bg5 Be7 8. Nxe5
Qa5+ 9. Qd2 Qxe5 10. O-O O-O 11. c3 Nc6 12. Bf3 dxc3 13. Nxc3 Nd4 14. Qf4 Qxf4
15. Bxf4 Nxf3+ 16. gxf3 Be6 17. Rfe1 Rfd8 18. Rad1 Nd5 19. Nxd5 Rxd5 20. d4 Rc8
21. Be3 Rc2 22. Rb1 Rb5 23. d5 Rxd5 24. Bxa7 Rg5+ 25. Kh1 Bd5 26. h4 Bxf3+ 27.
Kh2 Bd6+ 28. Kh3 Bg2# {White checkmated} 0-1